 Dungeon Crawl Stone Soup version 0.27-a0-1548-gf8a67e7463 (webtiles) character file.

Game seed: 6532231494686506873

1360 Spaninq the Grappler (level 8, 0/74 (79) HPs)
             Began as a Troll Earth Elementalist on July 13, 2021.
             Slain by an orc (1 damage)
             ... on level 7 of the Dungeon.
             The game lasted 00:11:48 (4690 turns).

Spaninq the Grappler (Troll Earth Elementalist)     Turns: 4690, Time: 00:11:49

HP:   0/74 (79)     AC:  8    Str: 17    XL:     8   Next: 37%
MP:   6/8           EV:  9    Int: 13    God:
Gold: 195           SH:  0    Dex: 10    Spells: 5/9 levels left

rFire    . . .     SeeInvis .     - Unarmed
rCold    . . .     Faith    .   (no shield)
rNeg     + . .     Spirit   .   a - +2 robe {rN+}
rPois    .         Reflect  .   (helmet restricted)
rElec    .         Harm     .   n - +1 cloak
rCorr    .         Rampage  .   (gloves unavailable)
Will     .....                  (boots unavailable)
Stlth    +.........             h - amulet of regeneration
HPRegen  2.22/turn              (no ring)
MPRegen  0.11/turn              (no ring)

@: very slightly contaminated, slowed, drained, very slow
A: large, unfitting armour, claws 3, regeneration 1, shaggy fur 1, tough skin 1
a: no special abilities


You were on level 7 of the Dungeon.
You visited 1 branch of the dungeon, and saw 7 of its levels.

You collected 195 gold pieces.

Inventory:

Missiles
 c - 171 stones
Armour
 a - a +2 robe of positive energy (worn)
 n - a +1 cloak (worn)
Jewellery
 d - an amulet of reflection
 h - an amulet of regeneration (around neck)
Wands
 l - a wand of paralysis (24)
 p - a wand of polymorph (10)
Scrolls
 b - a scroll of brand weapon {unknown}
 f - 3 scrolls of identify {unknown}
 g - 2 scrolls of teleportation {unknown}
 i - a scroll of enchant weapon {unknown}
 k - 2 scrolls of blinking {unknown}
 m - a scroll of magic mapping {unknown}
 o - 2 scrolls of fear {unknown}
 q - a scroll of vulnerability {unknown}
 r - a scroll of amnesia
 v - a scroll of fog {unknown}
 w - a scroll of holy word {unknown}
 y - a scroll of immolation {unknown}
Potions
 e - a potion of invisibility
 j - a potion of ambrosia {unknown}
 s - a potion of flight {unknown}
 t - 2 potions of degeneration {unknown}
 u - 3 potions of attraction {unknown}
 x - a potion of cancellation {unknown}


   Skills:
 + Level 4.7 Fighting
 - Level 1.5 Dodging
 - Level 1.0 Stealth
 * Level 8.3 Unarmed Combat
 - Level 1.2 Spellcasting
 - Level 0.6 Transmutations
 - Level 2.7 Earth Magic


You had 5 spell levels left.
You knew the following spells:

 Your Spells              Type           Power      Damage    Failure   Level
a - Sandblast             Erth           14%        2d6       9%          1
b - Apportation           Tloc           0%         N/A       28%         1
c - Blink                 Tloc           N/A        N/A       38%         2

Your spell library contained the following spells:

 Spells                   Type           Power      Damage    Failure   Level
 Passwall                 Tmut/Erth      4%         N/A       22%         2
 Ensorcelled Hibernation  Hex/Ice        0%         N/A       38%         2
 Stone Arrow              Conj/Erth      8%         3d7       43%         3
 Spider Form              Tmut/Pois      0%         N/A       58%         3
 Lesser Beckoning         Tloc           0%         N/A       63%         3
 Petrify                  Tmut/Erth      5%         N/A       80%         4
 Alistair's Intoxication  Tmut/Pois      0%         N/A       100%        5
 Manifold Assault         Tloc           0%         N/A       100%        5
 Invisibility             Hex            0%         N/A       100%        6
 Shadow Creatures         Summ           N/A        N/A       100%        6


Dungeon Overview and Level Annotations

Branches:
Dungeon (7/15)
 Temple: D:4-7

Altars:
Cheibriados
Elyvilon
Sif Muna
Yredelemnul


Innate Abilities, Weirdness & Mutations

You are too large for most types of armour.
You have claws for hands.
Your natural rate of healing is unusually fast.
You are covered in fur. (AC +1)
You have tough skin. (AC +1)


Message History

The yak barely misses you.
The orc hits you with a +0 whip of draining.
You partially resist.
You feel drained. The yak gores you but does no damage.
An orc comes into view. It is wielding a +0 hand axe.
You feel sick. The orc barely misses you. The orc hits you with a +0 club.
The orc hits you but does no damage. You partially resist.
The orc barely misses you.
A white imp comes into view.
The kobold shouts!
You claw something!
You feel sick. The kobold brigand barely misses you.
The orc hits you with a +0 whip of draining.
You partially resist.
You feel drained. The orc closely misses you.
Something hits you but does no damage.
The orc priest looks encouraged for a moment.
You feel sick.
You are no longer poisoned.
The kobold brigand hits you but does no damage.
The yak gores you but does no damage. The yak misses you. The yak gores you.
The orc barely misses you. The kobold hits you but does no damage.
The kobold brigand closely misses you. The yak gores you.
The yak closely misses you.
The orc hits you with a +0 whip of draining.
* * * LOW HITPOINT WARNING * * *
You partially resist.
You feel drained. The yak gores you!
* * * LOW HITPOINT WARNING * * *
Unknown command.
Sorry, you're not good enough to have a special ability.
Okay, then.
Cast which spell? (? or * to list)
You miscast Blink.
You are very lightly contaminated with residual magic.
Nothing appears to happen.
The kobold hits you but does no damage.
The kobold brigand hits you with a +0 club.
* * * LOW HITPOINT WARNING * * *
The yak barely misses you. The yak gores you.
* * * LOW HITPOINT WARNING * * *
The kobold barely misses you. The yak gores you.
* * * LOW HITPOINT WARNING * * *
The orc hits you with a +0 whip of draining.
You die...

######.....#.K.
.#..........#.# ....
..............# ...
.......<....#.# ..
#...........#.##.#
#.............#..#
#...........>K#.#####.
#.##########KYK.......
# #K@Y#.###. #Y{o# #
##oo5..... .o.####..
##..# .... #..#. ...#.
#.## #


You could see 3 yaks, a kobold brigand, an orc priest, a white imp, 3 orcs and 3
kobolds.

Vanquished Creatures
  A water moccasin (D:5)
  Duvessa (D:5)
  An ice beast (D:6)
  A sky beast (D:5)
  A centaur (D:5)
  A phantom (D:6)
  A kobold brigand (D:6)
  A scorpion (D:5)
  Dowan (D:4)
  A water moccasin skeleton (D:5)
  2 bullfrog zombies (D:6)
  2 centaur zombies
  A gnoll shaman (D:4)
  A jelly (D:6)
  2 orc priests (D:4)
  Jessica (D:3)
  2 iguanas
  12 gnolls
  3 adders
  An ufetubus (D:5)
  3 adder zombies (D:5)
  A worm (D:2)
  4 dart slugs
  9 orcs
  5 bats (D:3)
  6 endoplasms
  4 giant cockroaches
  2 hobgoblins (D:1)
  9 jackals
  2 quokkas
  5 ball pythons
  4 frilled lizards
  6 goblins
  7 kobolds
  4 rats
108 creatures vanquished.

Notes
Turn   | Place    | Note
-------+----------+-------------------------------------------
     0 | D:1      | Spaninq the Troll Earth Elementalist began the quest for
                  | the Orb.
     0 | D:1      | Reached XP level 1. HP: 16/16 MP: 1/1
   102 | D:1      | Reached skill level 1 in Unarmed Combat
   115 | D:1      | Reached XP level 2. HP: 26/26 MP: 2/2
   142 | D:1      | Found a faded altar of an unknown god.
   523 | D:1      | Reached skill level 1 in Fighting
   523 | D:1      | Reached skill level 2 in Unarmed Combat
   622 | D:2      | Reached XP level 3. HP: 33/33 MP: 3/3
  1407 | D:3      | Learned a level 1 spell: Apportation
  1541 | D:3      | Reached XP level 4. HP: 41/41 MP: 4/4
  1543 | D:3      | Found a shimmering blue altar of Sif Muna.
  1543 | D:3      | Found a basalt altar of Yredelemnul.
  1548 | D:3      | Reached skill level 3 in Unarmed Combat
  1934 | D:3      | Noticed Jessica
  1943 | D:3      | Killed Jessica
  2092 | D:4      | Reached XP level 5. HP: 28/49 MP: 1/5
  2192 | D:3      | Reached skill level 4 in Unarmed Combat
  2387 | D:4      | Reached XP level 6. HP: 35/59 MP: 2/6
  2684 | D:5      | Entered Level 5 of the Dungeon
  2827 | D:5      | Reached skill level 5 in Unarmed Combat
  2857 | D:5      | Found a white marble altar of Elyvilon.
  2935 | D:5      | Noticed Dowan
  2937 | D:5      | Noticed Duvessa
  2952 | D:5      | Killed Duvessa
  2971 | D:4      | Killed Dowan
  2972 | D:4      | Reached XP level 7. HP: 56/67 MP: 3/7
  3076 | D:5      | Reached skill level 6 in Unarmed Combat
  3300 | D:5      | Reached skill level 7 in Unarmed Combat
  3647 | D:6      | Learned a level 2 spell: Blink
  3655 | D:6      | Reached XP level 8. HP: 78/78 MP: 8/8
  3682 | D:6      | Found a snail-covered altar of Cheibriados.
  3978 | D:6      | Reached skill level 8 in Unarmed Combat
  4255 | D:6      | Identified the +4 short sword of Vumirik {vorpal, +Blink
                  | Dex+4}
  4690 | D:7      | HP: 1/74 [yak (4)]
  4690 | D:7      | Slain by an orc

Illustrated notes

Levels and vault maps discovered:
D:1:      dpeg_arrival_tiny_f, layout_rooms,
          hellmonk_ecumenical_altar_pennies_from_heaven
D:2:      layout_basic
D:3:      layout_loops_ring, nicolae_overflow_hidden_temple,
          minmay_misc_feat_tiny, uniq_jessica
D:4:      layout_rooms
D:5:      layout_basic, marbit_many_paths, uniq_duvessa
D:6:      layout_basic, lemuel_doored_altar, serial_bayou_pond_d
D:7:      layout_rooms, lemuel_coloured_pillars_altar,
          minmay_temple_entry_enclosed_plants, enter_bailey_5,
          nicolae_inconvenience_store

Skill      XL: |  1  2  3  4  5  6  7  8 |
---------------+-------------------------+-----
Unarmed Combat | 1 2 3 4 5 7 8 |  8.3
Fighting       | 1 2 3 4 |  4.7
Dodging        | |  1.5
Stealth        | |  1.0
Spellcasting   | |  1.2
Transmutations | |  0.6
Earth Magic    | |  2.7

Action                   |  1- 3 |  4- 6 |  7- 9 || total
-------------------------+-------+-------+-------++-------
Melee: Unarmed           |   112 |   146 |   147 ||   405
       Punch             |       |     3 |     2 ||     5
  Use: Potion            |       |     2 |       ||     2
       Scroll            |       |       |     1 ||     1
 Stab: Sleeping          |       |       |     1 ||     1
       Distracted        |       |       |     1 ||     1
Armor: Robe              |    43 |    50 |    66 ||   159
       Skin              |       |     1 |       ||     1
Dodge: Dodged            |    46 |    97 |    61 ||   204

Table legend: (Time is in decaauts)
 A = Elapsed time spent in this place.
 B = Non-inter-level travel time spent in this place.
 C = Inter-level travel time spent in this place.
 D = Time resting spent in this place.
 E = Time spent auto-exploring this place.
 F = Levels seen in this place.
 G = Mean time per level.
                   A        B        C        D        E       F      G
               +--------+--------+--------+--------+--------+-----+--------+
         Total |   4667 |   4485 |    182 |    138 |   3308 |   7 |  666.7 |
       Dungeon |   4667 |   4485 |    182 |    138 |   3308 |   7 |  666.7 |
               +--------+--------+--------+--------+--------+-----+--------+

Top non-repeatable levels by time:
     D:6: 1078 daAuts
     D:3: 867 daAuts
     D:5: 818 daAuts
     D:2: 696 daAuts
     D:4: 617 daAuts
     D:1: 567 daAuts
     D:7: 23 daAuts
